 Dungeon Crawl Stone Soup version 0.19-a0-1870-gc32fe5a (webtiles) character file.

112 Flanowski the Skirmisher (level 4, -1/57 HPs)
             Began as a Demonspawn Gladiator on Oct 13, 2016.
             Killed from afar by Jessica (9 damage)
             ... with a wand of flame
             ... on level 3 of the Dungeon.
             The game lasted 00:03:29 (2577 turns).

Flanowski the Skirmisher (Demonspawn Gladiator)     Turns: 2577, Time: 00:03:29

Health: -1/57      AC: 22    Str: 17    XL:     4   Next: 64%
Magic:  4/4        EV:  2    Int:  9    God:
Gold:   63         SH:  0    Dex: 13    Spells: 0 memorised, 3 levels left

rFire  . . .     SeeInvis .     a - +0 war axe
rCold  . . .     Gourm    .     (armour currently unavailable)
rNeg   + + +     Faith    .     (no shield)
rPois  +         Spirit   .     (helmet currently unavailable)
rElec  .         Dismiss  .     (cloak currently unavailable)
rCorr  .         Reflect  .     (gloves currently unavailable)
MR     .....     Harm     .     (boots currently unavailable)
Stlth  +......... NoTele   +    s - amulet of regeneration
                                (no ring)
                                (no ring)

@: tree-form
A: (cold resistance 0), powered by pain 1
a: no special abilities


You were on level 3 of the Dungeon.
You were not hungry.
You were a tree.
You visited 1 branch of the dungeon, and saw 3 of its levels.

You collected 63 gold pieces.

Inventory:

Hand Weapons
 a - a +0 war axe (weapon)
Missiles
 d - 3 throwing nets (quivered)
Armour
 b - a +0 leather armour (melded)
 c - a +0 helmet (melded)
Jewellery
 s - an amulet of regeneration (around neck)
Scrolls
 e - 2 scrolls of enchant armour {unknown}
 g - 5 scrolls of identify {unknown}
 h - a scroll of recharging {unknown}
 i - 2 scrolls of fog {unknown}
 m - a scroll of fear {unknown}
 o - a scroll of enchant weapon {unknown}
 q - a scroll of teleportation {unknown}
 r - a scroll of immolation {unknown}
Comestibles
 f - a bread ration
 j - a meat ration
 l - 4 chunks of flesh


   Skills:
 + Level 4.9 Fighting
 - Level 2.6 Axes
 - Level 1.7 Throwing
 - Level 2.6 Dodging


You had 3 spell levels left.
You didn't know any spells.

Dungeon Overview and Level Annotations

Branches:
Dungeon (3/15)

Altars:
Okawaru
Yredelemnul

Annotations:
D:3 Jessica


Innate Abilities, Weirdness & Mutations

((Your flesh is cold resistant. (rC+)))
You sometimes gain a little power by taking damage.


Message History

Jessica is severely wounded.
Jessica casts a spell.
Jessica blinks!
You cannot move.
You cannot move.
You cannot move.
You cannot move.
Jessica is nearby!
Jessica casts a spell at you.
You are unaffected.
Jessica hits you but does no damage.
You barely miss Jessica.
Jessica is severely wounded.
Jessica hits you but does no damage.
Jessica mumbles some strange words.
Jessica blinks!
You cannot move.
Jessica points at you and mumbles some strange words.
You barely resist.
Jessica zaps a wand.
The puff of flame hits you!
You die...

#.#.# #.#!# #.#.##
#@...# #.#..# ###
#.#§.# #..
#§#..######.####
#♣#.†..........#
#.#...#####.##.#
#...#...##...#.##
#..###.....#....##
##..#...##........
##.....###.##....
##.#..###.##..##
#.#............
#.....##.##..##


You could see Jessica.

Vanquished Creatures
  4 adders
  An ooze (D:2)
  A worm (D:2)
  A dart slug (D:1)
  A leopard gecko (D:1)
  2 ball pythons
  13 bats
  7 giant cockroaches
  8 goblins
  4 hobgoblins
  9 kobolds
  A quokka (D:2)
  5 frilled lizards
  8 rats
65 creatures vanquished.

Notes
Turn   | Place    | Note
-------+----------+-------------------------------------------
     0 | D:1      | Flanowski the Demonspawn Gladiator began the quest for the Orb.
     0 | D:1      | Reached XP level 1. HP: 16/16 MP: 1/1
     6 | D:1      | Noticed a polar bear
     7 | D:1      | Noticed an anaconda
     7 | D:1      | Noticed a wyvern
   388 | D:1      | Gained mutation: Your flesh is cold resistant. (rC+) [demonic ancestry]
   388 | D:1      | Reached XP level 2. HP: 14/23 MP: 2/2
   426 | D:1      | Reached skill level 3 in Fighting
  1034 | D:1      | Gained mutation: You sometimes gain a little power by taking damage. [demonic ancestry]
  1034 | D:1      | Reached XP level 3. HP: 16/29 MP: 3/3
  1687 | D:2      | Reached skill level 4 in Fighting
  2073 | D:2      | Reached XP level 4. HP: 32/37 MP: 4/4
  2361 | D:2      | Found a basalt altar of Yredelemnul.
  2361 | D:2      | Found an iron altar of Okawaru.
  2549 | D:3      | Noticed Jessica
  2560 | D:3      | HP: 1/38 [Jessica/wand of flame (10)]
  2577 | D:3      | Killed from afar by Jessica

Vault maps used:
D:1:      onia_arrival_zoo_common
D:2:      cheibrodos_helix_gallery, gammafunk_temple_overflow_wave,
          minmay_tromino_mix6
D:3:      uniq_jessica

Skill      XL: |  1  2  3 |
---------------+----------+-----
Fighting       | 3 4 |  4.9
Axes           | |  2.6
Throwing       | |  1.7
Dodging        | |  2.6

Action                   |  1- 3 |  4- 6 || total
-------------------------+-------+-------++-------
Melee: War axe           |   174 |    51 ||   225
  Use: Potion            |       |     3 ||     3
 Stab: Sleeping          |     1 |       ||     1
  Eat: Chunk             |     4 |     2 ||     6
Armor: Leather armour    |    90 |     9 ||    99
       Skin              |       |     7 ||     7
Dodge: Dodged            |   198 |    30 ||   228
